 Dungeon Crawl Stone Soup version 0.23.2-33-g5129a83184 (webtiles) character file.

Game seed: 9043949246377841260

5680 Folque the Destroyer (level 10, 0/73 HPs)
             Began as a Demigod Conjurer on July 26, 2019.
             Slain by a four-headed hydra (3 damage)
             ... while petrified by a basilisk
             ... on level 1 of the Lair of Beasts.
             The game lasted 00:32:48 (10335 turns).

Folque the Destroyer (Demigod Conjurer)            Turns: 10335, Time: 00:32:49

Health: 0/73       AC:  7    Str: 13    XL:     10   Next: 23%
Magic:  6/19       EV:  2    Int: 23    God:
Gold:   494        SH:  0    Dex: 16    Spells: 3/17 levels left

rFire    + . .     SeeInvis .   w - staff of conjuration
rCold    + . .     Gourm    .   (no shield)
rNeg     + + +     Faith    .   U - +1 leather armour {rF+}
rPois    ∞         Spirit   .   (no helmet)
rElec    .         Reflect  .   v - +0 cloak
rCorr    .         Harm     .   (no gloves)
MR       +....                  H - +0 pair of boots
Stlth    ++........             l - amulet of regeneration
HPRegen  0.62/turn              P - ring of protection from cold
MPRegen  0.16/turn              i - +2 ring of evasion

@: petrified
A: high mp 1
a: no special abilities


You were on level 1 of the Lair of Beasts.
You were hungry.

You visited 2 branches of the dungeon, and saw 10 of its levels.

You collected 494 gold pieces.

Inventory:

Hand Weapons
 g - a +3 dagger
 h - a +2 whip of venom
 q - a +3 rapier of draining
 y - a +2 vampiric dagger
 B - a +0 blowgun
Missiles
 r - 33 poisoned needles
 O - 5 throwing nets (quivered)
Armour
 a - a +0 robe
 v - a +0 cloak (worn)
 z - a +0 ring mail
 C - a +0 robe
 H - a +0 pair of boots (worn)
 U - a +1 leather armour of fire resistance (worn)
 V - a +0 buckler
Magical Staves
 w - an uncursed staff of conjuration (weapon)
 M - an uncursed staff of death
Jewellery
 e - an uncursed amulet of guardian spirit
 i - a +2 ring of evasion (right hand)
 k - a -2 ring of protection
 l - an amulet of regeneration (around neck)
 P - a ring of protection from cold (left hand)
 R - a cursed -2 ring of intelligence {unknown}
Wands
 m - a wand of digging (5)
 n - a wand of polymorph (13)
Scrolls
 b - 5 scrolls of amnesia
 d - a scroll of immolation {unknown}
 f - 3 scrolls of remove curse
 o - 3 scrolls of teleportation {unknown}
 s - 2 scrolls of enchant armour {unknown}
 t - 3 scrolls of blinking {unknown}
 D - 2 scrolls of silence {unknown}
 E - a scroll of summoning {unknown}
 F - 7 scrolls of identify
 L - a scroll of noise {unknown}
 N - 3 scrolls of magic mapping {unknown}
 S - 3 scrolls of enchant weapon {unknown}
 T - a scroll of random uselessness {unknown}
Potions
 j - 3 potions of ambrosia
 p - a potion of heal wounds
 u - a potion of haste {unknown}
 x - 2 potions of resistance
 G - 2 potions of berserk rage
 I - a potion of invisibility {unknown}
 J - a potion of flight {unknown}
 K - a potion of mutation {unknown}
 Q - 2 potions of curing
 W - a potion of agility {unknown}
Miscellaneous
 A - a phial of floods (inert)
Comestibles
 c - 11 rations
 X - a chunk of flesh


   Skills:
 - Level 2.1 Fighting
 - Level 5.4 Armour
 + Level 2.8 Dodging
 - Level 1.7 Stealth
 - Level 4.2 Spellcasting
 * Level 8.6 Conjurations
 - Level 7.3 Hexes
 + Level 4.9 Translocations
 - Level 2.2 Evocations


You had 3 spell levels left.
You knew the following spells:

 Your Spells              Type           Power        Failure   Level  Hunger
a - Magic Dart            Conj           ####         1%          1    None
b - Searing Ray           Conj           ######       1%          2    #......
c - Dazzling Spray        Conj/Hex       ######       1%          3    ##.....
d - Fulminant Prism       Conj/Hex       ######....   4%          4    ####...
e - Force Lance           Conj/Tloc      ######..     8%          4    ####...

Your spell library contained the following spells:

 Spells                   Type           Power        Failure   Level  Hunger
 Throw Frost              Conj/Ice       #####.       3%          2    #......
 Freeze                   Ice            #...         13%         1    None
 Ozocubu's Armour         Chrm/Ice       #.......     36%         3    ##.....
 Iskenderun's Mystic Bla  Conj           ######..     3%          4    ####...
 Throw Icicle             Conj/Ice       #####...     22%         4    ####...
 Summon Ice Beast         Ice/Summ       #.......     77%         4    ####...


Dungeon Overview and Level Annotations

Branches:
Dungeon (9/15)             Temple (0/1) D:5            Lair (1/6) D:9
    Orc: D:9-12

Shops:
D:7 }


Innate Abilities, Weirdness & Mutations

You have an increased reservoir of magic. (+10% MP)


Message History

The four-headed hydra bites you! The four-headed hydra bites you! x2
The four-headed hydra bites you but does no damage.
The four-headed hydra bites you!
* * * LOW HITPOINT WARNING * * *
The four-headed hydra bites you!
* * * LOW HITPOINT WARNING * * *
The four-headed hydra bites you but does no damage.
The four-headed hydra bites you!
* * * LOW HITPOINT WARNING * * *
The four-headed hydra bites you!
* * * LOW HITPOINT WARNING * * *
A crocodile comes into view.
The four-headed hydra bites you but does no damage.
The four-headed hydra bites you.
* * * LOW HITPOINT WARNING * * *
The four-headed hydra bites you.
* * * LOW HITPOINT WARNING * * *
The four-headed hydra bites you.
You die...

#..... #....#
#.....
#....+###
#.......
#.....#
##..D..#
#...@.>#
##.....##
#......####
#..........
#...#.###..
##...+......
#....#.......
##.....t.....
##...#)......


You could see a four-headed hydra and a crocodile (wandering).

Vanquished Creatures
  A two-headed ogre (D:7)
  Prince Ribbit (D:7)
  A hippogriff (D:7)
  Sigmund (D:2)
  A wyvern (D:9)
  A basilisk (Lair:1)
  Duvessa (D:6)
  A phantom (D:4)
  4 ice beasts
  An orc warrior (D:8)
  4 ogres
  A necrophage (D:9)
  A wolf (D:9)
  4 centaurs
  2 bullfrogs (D:9)
  4 gnoll sergeants (D:9)
  Dowan (D:6)
  5 scorpions
  A water moccasin skeleton (D:6)
  3 killer bees (D:7)
  2 wights (D:7)
  5 crimson imps
  A howler monkey (D:8)
  A quasit (D:9)
  2 gnoll shamans (D:9)
  5 hounds
  10 orc wizards
  2 bullfrog skeletons
  2 orc priests
  Terence (D:2)
  2 centaur skeletons (D:7)
  3 jellies
  2 iguanas
  9 worker ants
  2 hound zombies
  A hound skeleton (D:5)
  A worker ant zombie (D:7)
  20 gnolls
  2 howler monkey skeletons
  9 adders
  2 worms
  9 leopard geckos
  22 orcs
  2 giant cockroaches
  7 goblins
  7 hobgoblins
  14 jackals
  4 quokkas
  4 bats
  A frilled lizard (D:2)
  2 jackal skeletons
  16 kobolds
  A leopard gecko zombie (D:6)
  A quokka zombie (D:7)
  6 rats
  A bush (D:6)
  A fulminant prism (D:6)
221 creatures vanquished.

Vanquished Creatures (collateral kills)
  3 killer bees (D:7)
3 creatures vanquished.

Vanquished Creatures (others)
  An orc (D:4)
  9 fulminant prisms
  A plant (D:3)
11 creatures vanquished.

Grand Total: 235 creatures vanquished

Notes
Turn   | Place    | Note
-------+----------+-------------------------------------------
     0 | D:1      | Folque the Demigod Conjurer began the quest for the Orb.
     0 | D:1      | Reached XP level 1. HP: 14/14 MP: 5/5
   449 | D:1      | Reached XP level 2. HP: 17/22 MP: 7/7
   454 | D:1      | Learned a level 2 spell: Searing Ray
   969 | D:2      | Reached skill level 1 in Fighting
   969 | D:2      | Reached XP level 3. HP: 28/28 MP: 4/9
   977 | D:2      | Learned a level 3 spell: Dazzling Spray
  1050 | D:2      | Found a blossoming altar of Fedhas.
  1053 | D:2      | Noticed Sigmund
  1058 | D:2      | Found a stormy altar of Qazlal.
  1110 | D:2      | Killed Sigmund
  1110 | D:2      | Reached skill level 4 in Conjurations
  1110 | D:2      | Reached XP level 4. HP: 29/36 MP: 1/12
  1110 | D:2      | Reached XP level 5. HP: 33/41 MP: 1/13
  1249 | D:2      | Noticed Terence
  1264 | D:2      | Killed Terence
  1365 | D:2      | Reached skill level 1 in Hexes
  1443 | D:2      | Found an iron altar of Okawaru.
  1540 | D:2      | Learned a level 4 spell: Fulminant Prism
  2702 | D:4      | Reached XP level 6. HP: 30/48 MP: 0/15
  3437 | D:4      | Reached skill level 5 in Conjurations
  3496 | D:4      | Reached XP level 7. HP: 36/55 MP: 7/16
  3531 | D:4      | HP: 1/55 [phantom (7)]
  4027 | D:5      | Entered Level 5 of the Dungeon
  4075 | D:5      | Learned a level 4 spell: Force Lance
  4134 | D:5      | Reached skill level 1 in Armour
  4293 | D:5      | Reached skill level 1 in Translocations
  4525 | D:5      | Found a staircase to the Ecumenical Temple.
  4916 | D:6      | Reached XP level 8. HP: 56/61 MP: 6/17
  5022 | D:6      | Got a pitted rapier
  5023 | D:6      | Identified the +10 rapier of Qyplioti {pain, +Rage Int-5
                  | Dex+2} (You found it on level 6 of the Dungeon)
  5033 | D:6      | Noticed a cyclops
  5072 | D:6      | HP: 1/61 [cyclops/large rock (39)]
  5233 | D:6      | Reached skill level 6 in Conjurations
  5354 | D:6      | Noticed Duvessa
  5513 | D:6      | Killed Duvessa
  5515 | D:6      | Noticed Dowan
  5755 | D:6      | Killed Dowan
  6375 | D:7      | Noticed Prince Ribbit
  6377 | D:7      | Found a sacrificial altar of Ru.
  6382 | D:7      | Killed Prince Ribbit
  6567 | D:7      | Reached skill level 5 in Armour
  6829 | D:7      | Found a shattered altar of Ashenzari.
  6829 | D:7      | Found a bloodstained altar of Trog.
  6906 | D:7      | Found Woconut's Gadget Boutique.
  6932 | D:7      | Noticed a two-headed ogre
  6949 | D:7      | Killed a two-headed ogre
  6949 | D:7      | Reached skill level 7 in Conjurations
  6949 | D:7      | Reached skill level 5 in Hexes
  6949 | D:7      | Reached XP level 9. HP: 10/67 MP: 1/18
  7061 | D:7      | Found a sparkling altar of Nemelex Xobeh.
  7190 | D:7      | Reached skill level 1 in Evocations
  7662 | D:8      | Found a white marble altar of Elyvilon.
  7743 | D:8      | Found an opulent altar of Gozag.
  8082 | D:8      | Found a shimmering altar of Xom.
  8082 | D:8      | Found a burning altar of Makhleb.
  9070 | D:9      | Reached skill level 8 in Conjurations
  9070 | D:9      | Reached XP level 10. HP: 73/73 MP: 7/19
  9913 | D:9      | Found a staircase to the Lair.
 10298 | Lair:1   | Entered Level 1 of the Lair of Beasts
 10326 | Lair:1   | Noticed a four-headed hydra
 10335 | Lair:1   | HP: 3/73 [four-headed hydra (2)]
 10335 | Lair:1   | Slain by a four-headed hydra

Skill      XL: |  1  2  3  4  5  6  7  8  9 10 |
---------------+-------------------------------+-----
Spellcasting   | 2 3 4 |  4.2
Fighting       | 1 2 |  2.1
Conjurations   | 4 5 7 8 |  8.6
Hexes          | 1 3 4 5 7 |  7.3
Armour         | 2 5 |  5.4
Translocations | 1 4 |  4.9
Evocations     | 2 |  2.2
Dodging        | 2 |  2.8
Stealth        | |  1.7

Action                   |  1- 3 |  4- 6 |  7- 9 | 10-12 || total
-------------------------+-------+-------+-------+-------++-------
Melee: Whip              |    31 |    59 |    37 |       ||   127
       Unarmed           |     4 |       |       |       ||     4
       Dagger            |       |       |    13 |       ||    13
       Rapier            |       |       |   188 |    15 ||   203
       Staff             |       |       |     3 |     4 ||     7
 Cast: Magic Dart        |    15 |     2 |    15 |     2 ||    34
       Searing Ray       |     2 |    15 |    58 |     9 ||    84
       Dazzling Spray    |     3 |     9 |    29 |     9 ||    50
       Fulminant Prism   |       |       |     9 |     1 ||    10
       Force Lance       |       |       |    10 |    23 ||    33
Evoke: Phial of floods   |       |       |     1 |       ||     1
  Use: Potion            |     2 |     1 |     7 |       ||    10
       Scroll            |       |       |     9 |       ||     9
 Stab: Sleeping          |     2 |     6 |     1 |       ||     9
       Invisible         |       |     1 |     1 |     1 ||     3
  Eat: Chunk             |     1 |     8 |    21 |     8 ||    38
       Ration            |       |       |     1 |       ||     1
Armor: Robe              |     6 |     9 |    21 |       ||    36
       Skin              |     1 |       |    63 |       ||    64
       Ring mail         |       |       |    50 |       ||    50
       Leather armour    |       |       |       |    15 ||    15
Dodge: Dodged            |    16 |    44 |   170 |    32 ||   262
